 Dungeon Crawl Stone Soup version 0.20.0-8-g6b59dc7 (webtiles) character file.

6 straycat the Vexing (level 1, 0/14 HPs)
             Began as a Vampire Wanderer on May 30, 2017.
             Slain by an adder (3 damage)
             ... on level 1 of the Dungeon.
             The game lasted 00:03:10 (365 turns).

straycat the Vexing (Vampire Wanderer)               Turns: 365, Time: 00:03:11

Health: 0/14       AC:  2    Str:  9    XL:     1   Next: 75%
Magic:  2/2        EV: 11    Int: 13    God:
Gold:   25         SH:  0    Dex: 16    Spells: 1/2 levels left

rFire    . . .     SeeInvis +   d - +0 blowgun
rCold    . . .     Gourm    .   (no shield)
rNeg     + . .     Faith    .   e - +0 robe
rPois    .         Spirit   .   (no helmet)
rElec    .         Reflect  .   (no cloak)
rCorr    .         Harm     .   (no gloves)
MR       .....                  (no boots)
Stlth    ++........             (no amulet)
Regen    0.1/turn               (no ring)
MPRegen  0.1/turn               (no ring)

@: lethally poisoned (0 -> -14)
A: fangs 3, see invisible, unbreathing
a: no special abilities


You were on level 1 of the Dungeon.
You were not thirsty.

You visited 1 branch of the dungeon, and saw 1 of its levels.

You collected 25 gold pieces.

Inventory:

Hand Weapons
 d - a +0 blowgun (weapon)
 i - a +0 dagger
Missiles
 c - 6 poisoned needles (quivered)
 j - 23 stones
Armour
 e - a +0 robe (worn)
Jewellery
 k - a +1 ring of protection {unknown}
Scrolls
 h - a scroll of remove curse {unknown}
Potions
 f - 6 potions of blood
 g - a potion of heal wounds {unknown}
Books
 a - a book of Maledictions

   Spells                             Type                      Level
   a - Corona                         Hexes                        1
   b - Ensorcelled Hibernation        Hexes/Ice                    2
   c - Confuse                        Hexes                        3
   d - Tukima's Dance                 Hexes                        3
   e - Dazzling Spray                 Conjuration/Hexes            3
 b - Facanon's Incunabulum of Fire

   Spells                             Type                      Level
   a - Flame Tongue                   Conjuration/Fire             1
   b - Ignite Poison                  Fire/Transmutation/Poison    3


   Skills:
 * Level 0.5 Fighting
 - Level 1.5 Throwing
 * Level 0.7 Dodging
 * Level 1.2 Stealth
 + Level 1.0 Spellcasting
 - Level 5.8 Hexes
   Level 2.0 Summonings
   Level 1.1 Necromancy


You had one spell level left.
You knew the following spells:

 Your Spells              Type           Power        Failure   Level  Hunger
a - Corona                Hex            ###....      2%          1    ##.....


Dungeon Overview and Level Annotations

Branches:
Dungeon (1/15)

Altars:


Innate Abilities, Weirdness & Mutations

You have razor-sharp teeth.
You have supernaturally acute eyesight. (SInv)
You can survive without breathing.


Message History

You closely miss the adder.
The adder is severely wounded.
You feel sick. The adder bites you.
You are more poisoned.
The adder poisons you! The adder misses you.
Firing (i - inventory. (,) - cycle):
c - 8 poisoned needles (quivered)
Press: ? - help, Shift-Dir - straight line, f/p - adder
Aim: an adder (severely wounded)
You shoot a poisoned needle. The poisoned needle misses the adder.
You feel sick. The adder bites you.
* * * LOW HITPOINT WARNING * * *
Firing (i - inventory. (,) - cycle):
c - 7 poisoned needles (quivered)
Press: ? - help, Shift-Dir - straight line, f/p - adder
Aim: an adder (severely wounded)
You shoot a poisoned needle. The poisoned needle hits the adder.
The adder is poisoned.
The adder is severely wounded.
* * * LOW HITPOINT WARNING * * *
You feel sick. The adder bites you.
You die...

..(... .?.... #......
###########...!
..?...........
.............#
..........S..#
..........@..#
.............#
.=...........#
.............#.#
(..................#
....................
.......รท...........#
...................#
.[...........#.#####


You could see an adder.

Vanquished Creatures
  A hobgoblin (D:1)
  2 kobolds (D:1)
  A bat (D:1)
  A goblin (D:1)
  A rat (D:1)
6 creatures vanquished.

Notes
Turn   | Place    | Note
-------+----------+-------------------------------------------
     0 | D:1      | straycat the Vampire Wanderer began the quest for the Orb.
     0 | D:1      | straycat set off with: a book of Maledictions, Facanon's Incunabulum of Fire, 10 poisoned needles, a +0 blowgun, a +0 robe, a potion of blood
     0 | D:1      | Reached XP level 1. HP: 13/13 MP: 2/2
     0 | D:1      | Identified Facanon's Incunabulum of Fire
     2 | D:1      | Learned a level 1 spell: Corona
   332 | D:1      | Reached skill level 1 in Stealth
   365 | D:1      | Slain by an adder

Skill      XL: |  1 |
---------------+----+-----
Stealth        | 1 |  1.2
Fighting       | |  0.5
Throwing       | |  1.5
Dodging        | |  0.7
Spellcasting   | |  1.0
Hexes          | |  5.8
Summonings     | |  2.0
Necromancy     | |  1.1

Action                   || total
-------------------------++-------
Melee: Blowgun           ||    10
       Bite              ||     1
 Fire: Blowgun           ||    23
Armor: Robe              ||     9
Dodge: Dodged            ||     8
